 Dungeon Crawl Stone Soup version 0.31-a0-174-g85c54bcb58 (webtiles) character file.

Game seed: 12565906488008381620

415 qw the Chopper (level 6, -5/38 HPs)
             Began as a Gargoyle Fighter on June 15, 2023.
             Killed from afar by Ijyb (11 damage)
             ... with a bolt of acid
             ... on level 5 of the Dungeon.
             The game lasted 00:01:34 (3383 turns).

qw the Chopper (Gargoyle Fighter)                   Turns: 3383, Time: 00:01:35

Health: -5/38      AC: 12    Str: 25 (28) XL:     6   Next: 92%
Magic:  6/6        EV: 10    Int:  8      God:
Gold:   280        SH:  4    Dex:  7 (9)  Spells: 5/5 levels left

rFire   . . .        Y - +3 war axe
rCold   . . .        c - +0 buckler
rNeg    + . .        o - +3 ring mail
rPois   inf          p - +1 helmet {SInv}
rElec   +            h - +0 cloak
rCorr   .            (no gloves)
SInv    +            (no boots)
Will    .....        (no amulet) Stlth
                     n - +6 ring of strength
HPRegen 0.26/turn    (no ring)
MPRegen 0.10/turn

%: no passive effects
@: corroded
A: sickness immunity, AC +4, negative energy resistance 1, electricity
resistance, torment resistance 1, petrification resistance
a: no special abilities


You were on level 5 of the Dungeon.
You visited 1 branch of the dungeon, and saw 5 of its levels.

You collected 280 gold pieces.


Innate Abilities, Weirdness & Mutations

You are immune to sickness and miasma.
Your stone body is resilient. (AC +4)
You are immune to poison.
You resist negative energy. (rN+)
You are resistant to electric shocks. (rElec)
You are resistant to unholy torment.
You are immune to petrification.


   Skills:
 - Level 4.1 Fighting
 + Level 5.6 Axes
 - Level 3.2 Armour
 - Level 1.9 Dodging
 - Level 3.2 Shields


You had 5 spell levels left.
You didn't know any spells.
Your spell library was empty.

Inventory:

Hand Weapons
 b - a +0 flail of draining
 i - a +1 flail of holy wrath
 Y - a +3 war axe (weapon)
Armour
 c - a +0 buckler (worn)
 h - a +0 cloak (worn)
 o - a +3 ring mail (worn)
 p - a +1 helmet of see invisible (worn)
Jewellery
 n - a +6 ring of strength (left hand)
Scrolls
 j - a scroll of identify
 k - 2 scrolls of teleportation
Potions
 a - a potion of curing
 d - 3 potions of might
 e - a potion of haste
 g - 2 potions of attraction
 l - a potion of mutation {unknown}
 m - a potion of brilliance {unknown}

Dungeon Overview and Level Annotations

Branches:
Dungeon (5/15)
 Temple: D:4-7

Altars:
Ashenzari
Cheibriados
Gozag
Makhleb
Qazlal
Ru
Sif Muna

Shops:
D:2 [

Annotations:
D:5 Ijyb


Message History

You closely miss the white imp.
The water moccasin bites you but does no damage.
The white imp closely misses you.
The water moccasin bites you but does no damage.
You closely miss the water moccasin.
The water moccasin is heavily wounded.
You hit the white imp. The water moccasin barely misses you.
The white imp hits you but does no damage.
The water moccasin bites you but does no damage.
The white imp picks up a beetle and eats it.
The white imp gestures at you. The puff of frost hits you.
You slash the water moccasin!
The water moccasin is almost dead.
You hit the white imp but do no damage.
The water moccasin bites you but does no damage.
The white imp hits you but does no damage.
The water moccasin bites you but does no damage.
You closely miss the water moccasin.
The water moccasin is almost dead.
You completely miss Ijyb. You barely miss the white imp.
You block the water moccasin's attack. The white imp hits you.
The white imp freezes you. Ijyb hits you but does no damage.
The water moccasin bites you but does no damage.
Ijyb zaps a wand.
The bolt of acid hits you! The acid corrodes you!
You closely miss the water moccasin.
The water moccasin is almost dead.
You slash the white imp! You hit Ijyb but do no damage.
The white imp gestures at you. The puff of frost hits you.
The water moccasin bites you but does no damage.
Ijyb hits you with a +5 dagger of speed.
The water moccasin bites you! The white imp closely misses you.
You miss the water moccasin.
The water moccasin is almost dead.
You barely miss the white imp. You hit Ijyb. Ijyb barely misses you.
The water moccasin bites you.
Ijyb zaps a wand.
The bolt of acid hits you!
You die...

#### ...## . .... .....
.. ...## ..... ...
....##...... .... ##.
.......... .....
#.###........
......##..#.......#
......S@..........##
.....#g5..../......#
### ...
#.............##... .
..............#......
........#.....##..##..
.......##.........#..#
......................
.....................#.
#.................##


You could see a water moccasin, Ijyb and a white imp.

Vanquished Creatures
  Blork the orc (D:5)
  A kobold brigand (D:4)
  A jelly (D:4)
  A hound (D:5)
  2 iguanas (D:4)
  2 orc wizards
  2 adders (D:4)
  A white imp (D:3)
  2 dart slugs
  9 orcs
  9 bats
  3 endoplasms
  5 giant cockroaches
  4 goblins
  10 hobgoblins
  2 jackals (D:3)
  9 ball pythons
  A frilled lizard (D:2)
  7 kobolds
  7 rats
79 creatures vanquished.

Notes
Turn   | Place    | Note
-------+----------+-------------------------------------------
     0 | D:1      | qw the Gargoyle Fighter began the quest for the Orb.
     0 | D:1      | Reached XP level 1. HP: 14/14 MP: 1/1
     0 | D:1      | 0 ||| qw: Version: 0.2-a-29-g511e9b1
     0 | D:1      | 0 ||| qw: Game counter: 5341
     0 | D:1      | 0 ||| qw: Always use a shield: true
     0 | D:1      | 0 ||| qw: God list: Okawaru
     0 | D:1      | 0 ||| qw: Allow faded altars: false
     0 | D:1      | 0 ||| qw: Do Orc after D:15 true
     0 | D:1      | 0 ||| qw: Do second Lair branch before Depths: true
     0 | D:1      | 0 ||| qw: Lair rune preference: random
     0 | D:1      | 0 ||| qw: Plans: Normal, Zot:1-4, Slime:5, God:TSO, Crypt,
                  | Tomb, Abyss, Pan, Hells, Win
     0 | D:1      | 0 ||| PLANNING D:1-11
    48 | D:1      | Reached skill level 2 in Axes
   120 | D:1      | 120 ||| Stepping ~*~*~tactically~*~*~ (stealth).
   140 | D:1      | Reached XP level 2. HP: 19/19 MP: 2/2
   506 | D:1      | 506 ||| Stepping ~*~*~tactically~*~*~ (hiding).
   523 | D:1      | Reached skill level 3 in Axes
   534 | D:1      | 534 ||| Stepping ~*~*~tactically~*~*~ (stealth).
   535 | D:1      | 535 ||| Stepping ~*~*~tactically~*~*~ (stealth).
   536 | D:1      | 536 ||| Stepping ~*~*~tactically~*~*~ (stealth).
   537 | D:1      | 537 ||| Stepping ~*~*~tactically~*~*~ (stealth).
   539 | D:1      | 539 ||| Stepping ~*~*~tactically~*~*~ (stealth).
   546 | D:1      | Reached XP level 3. HP: 23/23 MP: 3/3
   766 | D:1      | 766 ||| READING 3 scrolls labelled IGOS LOIGU.
   767 | D:1      | 767 ||| READING scroll labelled ECU BEHAPEA.
   768 | D:1      | 768 ||| READING scroll labelled LEGRIK LEVADE.
   769 | D:1      | 769 ||| READING scroll labelled NOAMEN ZYNG.
   773 | D:1      | 773 ||| READING scroll labelled NEXKEX UGAIC.
   774 | D:1      | 774 ||| READING scroll labelled SINOSY YTIRCH.
   775 | D:1      | 775 ||| DROPPING 2 scrolls of poison.
  1205 | D:2      | 1205 ||| Stepping ~*~*~tactically~*~*~ (stealth).
  1207 | D:2      | 1207 ||| Stepping ~*~*~tactically~*~*~ (stealth).
  1209 | D:2      | 1209 ||| Stepping ~*~*~tactically~*~*~ (stealth).
  1211 | D:2      | 1211 ||| Stepping ~*~*~tactically~*~*~ (stealth).
  1467 | D:2      | Found Pakema's Armour Emporium.
  1473 | D:2      | 1473 ||| SHOPLISTING +0 mask of the Dragon {Will+ Slay+3
                  | SInv} (434 gold, have 141).
  1686 | D:2      | 1686 ||| UPGRADING to +0 helmet.
  1691 | D:2      | 1691 ||| UPGRADING to +0 cloak.
  1696 | D:2      | 1696 ||| READING scroll of enchant armour.
  1696 | D:2      | 1696 ||| ENCHANTING +0 helmet.
  1697 | D:2      | 1697 ||| READING scroll labelled MAPHIN XACASO.
  1698 | D:2      | 1698 ||| READING 2 scrolls labelled BOUZIEM FOFATZ.
  1699 | D:2      | 1699 ||| READING scroll of enchant weapon.
  1699 | D:2      | 1699 ||| ENCHANTING +1 war axe.
  1700 | D:2      | 1700 ||| READING 2 scrolls of identify.
  1700 | D:2      | 1700 ||| IDENTIFYING coppery potion
  1753 | D:3      | Reached XP level 4. HP: 16/28 MP: 4/4
  1754 | D:3      | Reached skill level 4 in Axes
  1801 | D:3      | 1801 ||| DROPPING +0 club.
  1828 | D:3      | 1828 ||| Stepping ~*~*~tactically~*~*~ (hiding).
  1874 | D:3      | Found a broken altar of Ashenzari.
  1874 | D:3      | Found an opulent altar of Gozag.
  1874 | D:3      | Found a burning altar of Makhleb.
  1875 | D:3      | Found a stormy altar of Qazlal.
  1875 | D:3      | Found a snail-covered altar of Cheibriados.
  2294 | D:3      | 2294 ||| Stepping ~*~*~tactically~*~*~ (hiding).
  2494 | D:3      | 2494 ||| UPGRADING to +3 ring mail.
  2504 | D:3      | 2504 ||| DROPPING +0 scale mail.
  2505 | D:3      | 2505 ||| UPGRADING to +1 helmet of see invisible.
  2515 | D:3      | 2515 ||| DROPPING +1 helmet.
  2516 | D:3      | 2516 ||| UPGRADING to +6 ring of strength.
  2517 | D:3      | 2517 ||| READING scroll labelled FULOTRYRPH.
  2583 | D:3      | 2583 ||| READING scroll of enchant weapon.
  2583 | D:3      | 2583 ||| ENCHANTING +2 war axe.
  2584 | D:3      | 2584 ||| READING 2 scrolls of identify.
  2584 | D:3      | 2584 ||| IDENTIFYING murky white potion
  2623 | D:4      | Reached XP level 5. HP: 30/32 MP: 5/5
  2627 | D:4      | 2627 ||| DRINKING 2 potions of curing.
  2627 | D:4      | 2627 ||| (to cure confusion)
  2693 | D:4      | Reached skill level 5 in Axes
  2724 | D:4      | Noticed a kobold brigand
  2734 | D:4      | Killed a kobold brigand
  2735 | D:4      | Reached skill level 1 in Dodging
  2735 | D:4      | Reached XP level 6. HP: 35/37 MP: 6/6
  2874 | D:4      | Found a shimmering blue altar of Sif Muna.
  2874 | D:4      | Found a sacrificial altar of Ru.
  2893 | D:4      | 2893 ||| Stepping ~*~*~tactically~*~*~ (hiding).
  3291 | D:4      | 3291 ||| READING scroll labelled ONYRUA CEOHIRI.
  3292 | D:4      | 3292 ||| READING scroll labelled KYCSAO XUSIELL.
  3293 | D:4      | 3293 ||| DRINKING 3 fizzy clear potions.
  3294 | D:4      | 3294 ||| DROPPING 2 potions of degeneration.
  3316 | D:5      | Entered Level 5 of the Dungeon
  3319 | D:5      | Noticed Blork the orc
  3320 | D:5      | 3320 ||| Stepping ~*~*~tactically~*~*~ (hiding).
  3322 | D:5      | 3322 ||| Stepping ~*~*~tactically~*~*~ (hiding).
  3334 | D:5      | Killed Blork the orc
  3372 | D:5      | 3372 ||| Stepping ~*~*~tactically~*~*~ (hiding).
  3372 | D:5      | Noticed a water moccasin
  3375 | D:5      | Noticed Ijyb
  3383 | D:5      | HP: 6/38 [water moccasin (5)]
  3383 | D:5      | Killed from afar by Ijyb

Levels and vault maps discovered:
D:1:      dpeg_arrival_rooms_a, layout_loops_ring, minmay_tall_x
D:2:      layout_loops_corners, serial_shops, nicolae_diamond_shop
D:3:      layout_basic, grunt_temple_overflow_open, minmay_misc_feat_diagonals
D:4:      layout_basic, nicolae_overflow_two_pavilions
D:5:      layout_cave_pools, uniq_blork_the_orc, uniq_ijyb

Skill      XL: |  1  2  3  4  5  6 |
---------------+-------------------+-----
Axes           | 2 3 4 5 |  5.6
Dodging        | 1 |  1.9
Fighting       | 4 |  4.1
Armour         | |  3.2
Shields        | |  3.2

Action                     |  1- 3 |  4- 6 || total
---------------------------+-------+-------++-------
  Melee: War axe           |   105 |    90 ||   195
  Throw: Boomerang         |       |    11 ||    11
    Use: Scroll            |    11 |     5 ||    16
         Potion            |       |     2 ||     2
 Armour: Scale mail        |    57 |     6 ||    63
         Ring mail         |       |    35 ||    35
  Dodge: Dodged            |    46 |    52 ||    98
  Block: Buckler           |    19 |     8 ||    27

Table legend:
 A = Non-vault XP
 B = Vault XP
 C = Vault XP percentage of total XP
 D = Non-vault monster count
 E = Vault monster count
 F = Vault count percentage of total count
                 A         B        C        D         E       F
            +---------+---------+-------+---------+---------+-------
      Total |     487 |     107 |  18.0 |      74 |       5 |   6.3
            +---------+---------+-------+---------+---------+-------
        D:1 |      29 |       7 |  19.4 |      17 |       4 |  19.0
        D:2 |      28 |       0 |   0.0 |      18 |       0 |   0.0
        D:3 |      80 |       0 |   0.0 |      20 |       0 |   0.0
        D:4 |     308 |       0 |   0.0 |      18 |       0 |   0.0
        D:5 |      42 |     100 |  70.4 |       1 |       1 |  50.0
            +---------+---------+-------+---------+---------+-------
